 Dungeon Crawl Stone Soup version 0.30-a0-626-gd6a5dd7a1f (webtiles) character file.

Game seed: 4446607898762565258

1001 Citaku the Covered (level 8, -1/70 HPs)
             Began as a Minotaur Fighter on Jan 11, 2023.
             Succumbed to a scorpion's poison
             ... on level 5 of the Dungeon.
             The game lasted 00:05:47 (3179 turns).

Citaku the Covered (Minotaur Fighter)               Turns: 3179, Time: 00:05:47

Health: -1/70      AC: 13    Str: 22 (24) XL:     8   Next: 0%
Magic:  7/7        EV:  6    Int:  3 (5)  God:
Gold:   161        SH:  4    Dex:  6 (9)  Spells: 7/7 levels left

rFire   . . .      SeeInvis .    o - +2 long sword (protect)
rCold   . . .      Faith    .    c - +0 buckler
rNeg    . . .      Spirit   .    p - +0 plate armour
rPois   .          Reflect  .    (helmet restricted)
rElec   .          Harm     .    (no cloak)
rCorr   .          Rampage  .    (no gloves)
Will    .....                    (no boots) Stlth
                                 (no amulet)
HPRegen 0.31/turn                (no ring)
MPRegen 0.10/turn                (no ring)

@: lethally poisoned (-1 -> -9)
A: horns 2, retaliatory headbutt
a: no special abilities


You were on level 5 of the Dungeon.
You visited 2 branches of the dungeon, and saw 6 of its levels.

You collected 161 gold pieces.

Inventory:

Hand Weapons
 o - a +2 long sword of protection (weapon)
Armour
 c - a +0 buckler (worn)
 p - a +0 plate armour (worn)
Jewellery
 j - an amulet of faith
Scrolls
 b - a scroll of silence {unknown}
 f - 3 scrolls of amnesia {unknown}
 g - 4 scrolls of identify {unknown}
 m - 2 scrolls of teleportation {unknown}
 n - a scroll of enchant weapon {unknown}
Potions
 a - a potion of ambrosia {unknown}
 d - a potion of mutation {unknown}
 e - a potion of attraction
 h - a potion of cancellation
 i - a potion of degeneration
 k - 3 potions of curing {unknown}
 l - a potion of resistance {unknown}


   Skills:
 + Level 5.8 Fighting
 * Level 6.8 Axes
 * Level 7.3 Armour
 + Level 5.8 Shields


You had 7 spell levels left.
You didn't know any spells.
Your spell library was empty.

Dungeon Overview and Level Annotations

Branches:
Dungeon (6/15)             Temple (1/1) D:5

Altars:
Ashenzari
Cheibriados
Dithmenos
Elyvilon
Fedhas
Hepliaklqana
Makhleb
Okawaru
Ru
Sif Muna
Trog
Uskayaw
Wu Jian
Xom
Yredelemnul
Zin


Innate Abilities, Weirdness & Mutations

You have a pair of horns on your head.
You reflexively headbutt those who attack you in melee.


Message History

* * * LOW HITPOINT WARNING * * *
You are lethally poisoned!
The scorpion poisons you! The jackal barely misses you.
The orc barely misses you.
The iguana bites you but does no damage.
You block the orc's attack. You block the scorpion's attack.
You have reached level 8!
You feel stronger.
It was a potion of attraction.
You feel attractive to monsters.
* * * LOW HITPOINT WARNING * * *
You feel very sick.
The jackal bites you but does no damage.
The orc hits you but does no damage. x2; The iguana completely misses you.
The scorpion stings you but does no damage.
You block the jackal's attack. The orc is attracted toward you.
It was a potion of cancellation.
Your magical effects are unravelling.
You feel magically purged.
* * * LOW HITPOINT WARNING * * *
You feel very sick. You block the orc's attack.
The iguana completely misses you. You furiously retaliate!
You headbutt the iguana. The orc hits you but does no damage.
The jackal bites you but does no damage.
The scorpion stings you but does no damage.
You feel less attractive to monsters.
It was a potion of degeneration.
There was something very wrong with that liquid.
You feel weakened.
You feel dopey.
You feel clumsy.
* * * LOW HITPOINT WARNING * * *
You feel very sick. The jackal barely misses you.
The scorpion closely misses you. You block the orc's attack.
The orc hits you but does no damage.
The iguana bites you but does no damage.
The jackal bites you but does no damage.
Unknown command.
Unknown command.
The orc attacks as you move away! The orc barely misses you.
You die...

...#........ #...#..#.
...........# #.#....##..
...........###.........>
...<.........##......#...
.......).....#......#....
#..................#..#.
##.##.)ol...........##..
##.....h.o...............
##...#..s@?..####.........
#...##.......## #.........
#...........###.........
###...........#..........
##.##.........^...........
#..#......................
#..........)............).
#.........................
#........................)


You could see a scorpion, an iguana, 2 orcs and a jackal.

Vanquished Creatures
  Sigmund (D:2)
  An orc warrior (D:5)
  An ogre (D:5)
  A phantom (D:5)
  A necrophage (D:6)
  A scorpion (D:6)
  2 howler monkeys (D:5)
  A jelly (D:5)
  An orc priest (D:5)
  2 iguanas
  Natasha (D:3)
  6 orc wizards
  3 adders
  A shadow imp (D:5)
  A worm (D:3)
  2 dart slugs
  9 orcs
  2 ball pythons (D:1)
  3 bats
  6 endoplasms
  6 giant cockroaches
  9 hobgoblins
  4 jackals
  5 frilled lizards
  5 kobolds
  A rat (D:1)
76 creatures vanquished.

Notes
Turn   | Place    | Note
-------+----------+-------------------------------------------
     0 | D:1      | Citaku the Minotaur Fighter began the quest for the Orb.
     0 | D:1      | Reached XP level 1. HP: 19/19 MP: 0/0
   246 | D:1      | Reached XP level 2. HP: 27/27 MP: 1/1
   424 | D:1      | Reached skill level 4 in Armour
   949 | D:2      | Reached XP level 3. HP: 33/33 MP: 2/2
  1234 | D:2      | Noticed Sigmund
  1253 | D:2      | Killed Sigmund
  1254 | D:2      | Reached skill level 5 in Armour
  1254 | D:2      | Reached XP level 4. HP: 5/41 MP: 3/3
  1254 | D:2      | Reached XP level 5. HP: 6/47 MP: 4/4
  1738 | D:3      | Found a blossoming altar of Fedhas.
  1814 | D:3      | Noticed Natasha
  1828 | D:3      | Killed Natasha
  1829 | D:3      | Reached XP level 6. HP: 5/53 MP: 5/5
  2099 | D:3      | Found a snail-covered altar of Cheibriados.
  2174 | D:3      | You fall into a shaft and drop 3 floors!
  2194 | D:6      | Reached skill level 5 in Axes
  2257 | D:6      | Reached skill level 5 in Fighting
  2257 | D:6      | Reached skill level 6 in Armour
  2283 | D:6      | Reached skill level 5 in Shields
  2283 | D:6      | Reached XP level 7. HP: 27/61 MP: 6/6
  2421 | D:5      | Entered Level 5 of the Dungeon
  2421 | D:5      | Found a staircase to the Ecumenical Temple.
  2465 | Temple   | Entered the Ecumenical Temple
  3028 | D:5      | Found a hazy altar of Hepliaklqana.
  3111 | D:5      | Reached skill level 7 in Armour
  3176 | D:5      | Reached XP level 8. HP: 10/70 MP: 7/7
  3177 | D:5      | HP: 3/70 [poisoned by a scorpion]
  3178 | D:5      | HP: 1/70 [poisoned by a scorpion]
  3179 | D:5      | Succumbed to a scorpion's poison

Illustrated notes

Levels and vault maps discovered:
D:1:      roderic_dead_forest, layout_basic
D:2:      layout_basic, kennysheep_generic_room_13, uniq_sigmund
D:3:      layout_basic, cheibrodos_worm_habitat, fedhas_altar_2, uniq_natasha
D:5:      layout_cave_pools, nzn_hepliaklqana_mist_gate,
          minmay_temple_entry_mini_moons, chequers_mini_garden
D:6:      layout_rooms, kennysheep_another_room, minmay_misc_feat_x
Temple:   hellmonk_temple_forest_ring

Skill      XL: |  1  2  3  4  5  6  7 |
---------------+----------------------+-----
Armour         | 4 5 6 7 |  7.3
Axes           | 3 4 5 6 |  6.8
Fighting       | 4 5 |  5.8
Shields        | 4 5 |  5.8

Action                   |  1- 3 |  4- 6 |  7- 9 || total
-------------------------+-------+-------+-------++-------
Melee: War axe           |    66 |    83 |    39 ||   188
       Headbutt          |    12 |    10 |    10 ||    32
       Long sword        |       |       |    32 ||    32
  Use: Potion            |     1 |       |     3 ||     4
Armor: Scale mail        |    46 |    41 |    12 ||    99
       Plate armour      |       |       |    63 ||    63
Dodge: Dodged            |    31 |    22 |    35 ||    88
Block: Buckler           |    17 |    16 |    17 ||    50

Table legend: (Time is in decaauts)
 A = Elapsed time spent in this place.
 B = Non-inter-level travel time spent in this place.
 C = Inter-level travel time spent in this place.
 D = Time resting spent in this place.
 E = Time spent auto-exploring this place.
 F = Levels seen in this place.
 G = Mean time per level.
                   A        B        C        D        E       F      G
               +--------+--------+--------+--------+--------+-----+--------+
         Total |   3277 |   3277 |      0 |    149 |   2170 |   6 |  546.2 |
       Dungeon |   3082 |   3082 |      0 |    149 |   2022 |   5 |  616.4 |
        Temple |    194 |    194 |      0 |      0 |    148 |   1 |  194.0 |
               +--------+--------+--------+--------+--------+-----+--------+

Top non-repeatable levels by time:
     D:1: 890 daAuts
     D:2: 843 daAuts
     D:5: 586 daAuts
     D:3: 503 daAuts
     D:6: 257 daAuts
  Temple: 194 daAuts
